 Dungeon Crawl Stone Soup version 0.31-a0-831-g143b1e81fc (webtiles) character file.

Game seed: 6973279494082574706

228 zero the Trooper (level 5, 46/46 HPs)
             Began as a Demigod Warper on Sept 24, 2023.
             Quit the game on level 4 of the Dungeon.
             The game lasted 00:07:34 (4184 turns).

zero the Trooper (Demigod Warper)                   Turns: 4184, Time: 00:07:35

Health: 46/46      AC: 14    Str: 12    XL:     5   Next: 42%
Magic:  11/11      EV: 11    Int: 22    God:
Gold:   844        SH:  0    Dex: 13    Spells: 1/9 levels left

rFire   . . .        a - +2 whip (holy)
rCold   . . .        (no shield)
rNeg    . . .        b - +0 leather armour
rPois   .            A - +1 hat {Int+3}
rElec   .            p - +0 cloak
rCorr   .            (no gloves)
SInv    .            i - +0 pair of boots
Will    .....        (no amulet)
Stlth   +            o - +4 ring of protection
HPRegen 0.27/turn    m - +4 ring of protection
MPRegen 0.12/turn

%: no passive effects
@: no status effects
A: high MP 1, forlorn, divine attributes
a: no special abilities


You were on level 4 of the Dungeon.
You visited 1 branch of the dungeon, and saw 4 of its levels.

You collected 844 gold pieces.

Inventory:

Hand Weapons
 a - a +2 whip of holy wrath (weapon)
Missiles
 d - 5 darts of dispersal (quivered)
 r - 3 poisoned darts
Armour
 b - a +0 leather armour (worn)
 i - a +0 pair of boots (worn)
 k - a +0 helmet
 p - a +0 cloak (worn)
 A - a +1 hat of intelligence (worn)
Magical Staves
 t - a staff of cold
Jewellery
 j - a +6 ring of intelligence
 m - a +4 ring of protection (right hand)
 o - a +4 ring of protection (left hand)
 s - a +6 ring of intelligence
Scrolls
 c - 2 scrolls of blinking
 f - 2 scrolls of enchant armour {unknown}
 l - a scroll of identify {unknown}
Potions
 e - 3 potions of lignification {unknown}
 g - 4 potions of curing {unknown}
 h - 2 potions of heal wounds {unknown}
 v - a potion of haste {unknown}
 w - a potion of mutation {unknown}
 z - a potion of magic {unknown}


   Skills:
 + Level 3.8 Fighting
 - Level 1.7 Polearms
 - Level 0.8 Throwing
 - Level 0.8 Armour
 - Level 1.7 Dodging
 - Level 2.5 Spellcasting
 * Level 3.3 Translocations
 * Level 1.3 Ice Magic
 * Level 1.8 Air Magic


You had one spell level left.
You knew the following spells:

 Your Spells              Type           Power      Damage    Failure   Level
a - Vhi's Electric Charg  Tloc/Air       28%        N/A       50%         4
b - Manifold Assault      Tloc           17%        N/A       38%         4

Your spell library contained the following spells:

 Spells                   Type           Power      Damage    Failure   Level
 Freeze                   Ice            32%        1d5       10%         1
 Blink                    Tloc           34%        N/A       6%          2
 Lesser Beckoning         Tloc           34%        N/A       6%          2
 Teleport Other           Tloc           17%        N/A       13%         3
 Frozen Ramparts          Ice            16%        1d3       28%         3
 Hailstorm                Conj/Ice       5%         3d4       36%         3


Dungeon Overview and Level Annotations

Branches:
Dungeon (4/15)
 Temple: D:4-7

Annotations:
D:3 Grinder


Innate Abilities, Weirdness & Mutations

You have an increased reservoir of magic. (+10% MP)
You shall have no god before yourself.
Your divine heritage dramatically boosts your attributes as you level up.


Message History

No target in view!
No target in view!
No target in view!
No target in view!
No target in view!
No target in view!
No target in view!
No target in view!
No target in view!
No target in view!
No target in view!
No target in view!
m - a +4 ring of protection You remove your +6 ring of intelligence.
You feel stupid.
m - a +4 ring of protection (right hand) You're wearing all the rings you can.
Remove which one? (? for menu, Esc to cancel) < or
j - a +6 ring of intelligence; > or
m - a +4 ring of protection You remove your +6 ring of intelligence.
You feel stupid.
o - a +4 ring of protection (left hand)
Okay, then.
Casting: Vhi's Electric Charge (extremely dangerous; 50% risk of failure)
Confirm with . or Enter, or press ? or * to list all spells.
Okay, then.
You start resting.
HP restored.
You now have 832 gold pieces (gained 6).
A gnoll comes into view. It is wielding a +0 flail.
The gnoll shouts!
You hear a shout! x2
You see here 12 gold pieces.
A gnoll is nearby!
A gnoll is nearby!
Found a scroll labelled POLUDO JOSAEM.
You throw a dart of dispersal. The dart of dispersal hits the gnoll.
The gnoll blinks!
No target in view!
You now have 844 gold pieces (gained 12).
A goblin comes into view. It is wielding a +0 club.
Are you sure you want to abandon this character and quit the game? (Confirm with "yes".)

#........# ....... #...
....##....# #..
#.......###
#..####...##.##.#
..#....##....#.....
.......#........#
#....##.....#
#....##....##
#....@#....## # .
.⌠.g.g.........##.#..#
...#####......<.......#
.⌠. #....#............
.? ..#..#............ #
..<.....#.........
........##....#..#.
##....... #.....#..#
..... .......#..


You could see a gnoll and a goblin.

Vanquished Creatures
  An orc priest (D:3)
  3 sleepcaps
  Robin (D:3)
  3 adders
  7 orcs
  4 bats
  9 endoplasms
  7 giant cockroaches
  6 goblins
  6 hobgoblins
  5 jackals (D:2)
  A quokka (D:3)
  6 ball pythons
  5 frilled lizards
  4 kobolds
  2 rats (D:2)
70 creatures vanquished.

Notes
Turn   | Place    | Note
-------+----------+-------------------------------------------
     0 | D:1      | zero the Demigod Warper began the quest for the Orb.
     0 | D:1      | Reached XP level 1. HP: 17/17 MP: 5/5
     3 | D:1      | SATAN!
   474 | D:1      | Reached XP level 2. HP: 25/25 MP: 7/7
  1322 | D:2      | Reached XP level 3. HP: 31/31 MP: 8/8
  2052 | D:3      | Reached skill level 1 in Air Magic
  2129 | D:3      | Reached XP level 4. HP: 31/38 MP: 9/9
  2368 | D:2      | Learned a level 4 spell: Vhi's Electric Charge
  3163 | D:3      | Reached skill level 1 in Ice Magic
  3163 | D:3      | Reached XP level 5. HP: 40/46 MP: 11/11
  3168 | D:3      | Learned a level 4 spell: Manifold Assault
  3389 | D:3      | Noticed Robin
  3570 | D:3      | Killed Robin
  3912 | D:3      | Identified a scroll of acquirement
  3912 | D:3      | Acquired 681 gold pieces
  3946 | D:4      | Noticed Grinder
  3949 | D:4      | Paralysed by Grinder for 2 turns
  4184 | D:4      | Quit the game

Illustrated notes

♣ .
.♣♣
♣.♣
♣.♣
♣♣.♣♣
♣...♣
♣.<.♣
♣..@♣
♣♣.♣♣
♣.♣♣
♣.♣
♣♣


Turn 3 on D:1: SATAN!

Levels and vault maps discovered:
D:1:      roderic_dead_forest, layout_basic
D:2:      minmay_chambers_of_ones, layout_loops_ring, basic_altar,
          minmay_misc_feat_rows
D:3:      layout_basic, grunt_temple_overflow_growth_and_decay, serial_curves,
          eino_curves_01, eino_curves_02, hellmonk_no_cap, uniq_robin
D:4:      layout_cave_pools, minmay_temple_entry_fiery, serial_forest,
          infiniplex_forest_end_3, infiniplex_forest_end_3,
          infiniplex_forest_lined_1, infiniplex_forest_straight_1,
          infiniplex_forest_clump_diagonal, infiniplex_forest_end_2,
          infiniplex_forest_end_2, infiniplex_forest_straight_1,
          grunt_ministairs_2, minmay_misc_feat_diagonals, uniq_ijyb,
          uniq_sigmund, uniq_grinder

Skill      XL: |  1  2  3  4 |
---------------+-------------+-----
Fighting       | 2 3 |  3.8
Spellcasting   | 2 |  2.5
Air Magic      | 1 |  1.8
Translocations | 3 |  3.3
Ice Magic      | 1 |  1.3
Polearms       | |  1.7
Throwing       | |  0.8
Armour         | |  0.8
Dodging        | |  1.7

Action                     |  1- 3 |  4- 6 || total
---------------------------+-------+-------++-------
  Melee: Spear             |   207 |       ||   207
         Whip              |    11 |   143 ||   154
         Punch             |     1 |     1 ||     2
  Throw: Dart              |     3 |     1 ||     4
   Cast: Vhi's Electric Ch |       |     2 ||     2
         Manifold Assault  |       |     1 ||     1
    Use: Scroll            |       |     6 ||     6
   Stab: Sleeping          |     1 |       ||     1
         Distracted        |     1 |       ||     1
 Armour: Leather armour    |   111 |   114 ||   225
  Dodge: Dodged            |   116 |    89 ||   205

Table legend: (Time is in decaauts)
 A = Elapsed time spent in this place.
 B = Non-inter-level travel time spent in this place.
 C = Inter-level travel time spent in this place.
 D = Time resting spent in this place.
 E = Time spent auto-exploring this place.
 F = Levels seen in this place.
 G = Mean time per level.
                   A        B        C        D        E       F      G
               +--------+--------+--------+--------+--------+-----+--------+
         Total |   4199 |   4029 |    170 |   1047 |   2195 |   4 | 1049.8 |
       Dungeon |   4199 |   4029 |    170 |   1047 |   2195 |   4 | 1049.8 |
               +--------+--------+--------+--------+--------+-----+--------+

Top non-repeatable levels by time:
     D:2: 1780 daAuts
     D:3: 1504 daAuts
     D:1: 821 daAuts
     D:4: 93 daAuts
